 Dungeon Crawl Stone Soup version 0.29.1-2-gbd0b4ee654 (webtiles) character file.

Game seed: 17023419948682324261

19 Godmorgon the Gusty (level 2, 0/15 HPs)
             Began as a Tengu Air Elementalist on Oct 23, 2022.
             Killed by their own static electricity (2 damage)
             ... on level 2 of the Dungeon.
             The game lasted 00:03:23 (1492 turns).

Godmorgon the Gusty (Tengu Air Elementalist)        Turns: 1492, Time: 00:03:24

Health: 0/15       AC:  2    Str:  8    XL:     2   Next: 75%
Magic:  0/6        EV: 12    Int: 15    God:
Gold:   47         SH:  0    Dex: 14    Spells: 2/5 levels left

rFire   . . .      SeeInvis .   (no weapon)
rCold   . . .      Faith    .   (no shield)
rNeg    . . .      Spirit   .   a - +0 robe
rPois   .          Reflect  .   (helmet restricted)
rElec   .          Harm     .   (no cloak)
rCorr   +          Rampage  .   (no gloves)
Will    .....                   (boots unavailable)
Stlth   ++........              (no amulet)
HPRegen 0.05/turn               c - ring of resist corrosion
MPRegen 0.10/turn               (no ring)

@: no status effects
A: beak, talons 3
a: no special abilities


You were on level 2 of the Dungeon.
You visited 1 branch of the dungeon, and saw 2 of its levels.

You collected 47 gold pieces.

Inventory:

Missiles
 h - 2 poisoned darts
Armour
 a - a +0 robe (worn)
Magical Staves
 j - a staff of cold
Jewellery
 c - a ring of resist corrosion (left hand)
Scrolls
 d - 2 scrolls of fear {unknown}
 f - a scroll of identify {unknown}
 i - a scroll of teleportation {unknown}
Potions
 b - a potion of magic
 e - a potion of curing {unknown}
 g - a potion of haste {unknown}


   Skills:
 - Level 2.1 Dodging
 - Level 2.0 Stealth
 + Level 2.2 Spellcasting
 + Level 2.1 Conjurations
 * Level 4.7 Air Magic


You had 2 spell levels left.
You knew the following spells:

 Your Spells              Type           Power      Damage    Failure   Level
d - Static Discharge      Conj/Air       11%        3-5/arc   9%          2
s - Shock                 Conj/Air       44%        1d5       5%          1

Your spell library contained the following spells:

 Spells                   Type           Power      Damage    Failure   Level
 Freeze                   Ice            4%         1d3       22%         1
 Summon Small Mammal      Summ           4%         N/A       22%         1
 Swiftness                Air            15%        N/A       10%         3
 Airstrike                Air            7%         2d(2-18)  30%         4
 Call Canine Familiar     Summ           1%         N/A       54%         3
 Frozen Ramparts          Ice            2%         1d1       54%         3
 Summon Guardian Golem    Hex/Summ       1%         N/A       54%         3
 Hailstorm                Conj/Ice       4%         3d4       80%         4


Dungeon Overview and Level Annotations

Branches:
Dungeon (2/15)

Altars:


Innate Abilities, Weirdness & Mutations

You have a beak for a mouth.
You have claws for feet.


Message History

Casting: Shock (safe; 5% risk of failure)
Confirm with . or Enter, or press ? or * to list all spells.
The quokka is struck by an arc of lightning.
The quokka is almost dead.
You are struck by an arc of lightning.
The quokka is struck by an arc of lightning.
You kill the quokka!
The lightning grounds out.
Your magical contamination has completely faded away.
HP restored.
An adder comes into view.
Terence and a goblin come into view.
Terence is wielding a +0 vorpal mace.
The goblin shouts!
Casting: Static Discharge (safe; 9% risk of failure)
Confirm with . or Enter, or press ? or * to list all spells.
Terence is struck by an arc of lightning!
Terence shouts!
Terence is moderately wounded.
You are struck by an arc of lightning.
Terence is struck by an arc of lightning.
Terence is heavily wounded.
The lightning grounds out.
You hear a shout!
Terence hits you with a +0 vorpal mace!
You hear an angry hiss.
Casting: Static Discharge (safe; 9% risk of failure)
Confirm with . or Enter, or press ? or * to list all spells.
Terence is struck by an arc of lightning.
Terence is severely wounded.
You are struck by an arc of lightning.
* * * LOW HITPOINT WARNING * * *
Terence is struck by an arc of lightning.
Terence is almost dead.
The lightning grounds out.
Terence completely misses you.
Casting: Static Discharge (safe; 9% risk of failure)
Confirm with . or Enter, or press ? or * to list all spells.
Terence is struck by an arc of lightning!
You kill Terence!
You are struck by an arc of lightning.
You die...

.. ... .. .... .. ## .#
.... ##. #. #.# #.....
##.. ..###.###....###..
..............#..##.####
...##..##..#.#..@)......
##..#......#....####+###
.............#..#
.##..#...###....#
####............# #
###...####.###
######...# #.#
...†.....# #.#
########## ##.#


There were no monsters in sight!

Vanquished Creatures
  Terence (D:2)
  A dart slug (D:1)
  2 ball pythons
  2 bats (D:1)
  An endoplasm (D:1)
  2 giant cockroaches
  A goblin (D:1)
  A hobgoblin (D:1)
  2 quokkas
  A frilled lizard (D:2)
  3 kobolds
17 creatures vanquished.

Notes
Turn   | Place    | Note
-------+----------+-------------------------------------------
     0 | D:1      | Godmorgon the Tengu Air Elementalist began the quest for
                  | the Orb.
     0 | D:1      | Reached XP level 1. HP: 10/10 MP: 4/4
   447 | D:1      | Reached XP level 2. HP: 15/15 MP: 4/6
   450 | D:1      | Learned a level 2 spell: Static Discharge
   597 | D:1      | Found a faded altar of an unknown god.
  1488 | D:2      | Noticed Terence
  1492 | D:2      | Killed Terence
  1492 | D:2      | Killed from afar by themself

Illustrated notes

Levels and vault maps discovered:
D:1:      lightli_arrival_boilingwater, layout_basic,
          hellmonk_ecumenical_altar_arch_garden, palyth_stone_intersect,
          corexii_hall_statues_i, serial_bayou_pond_d
D:2:      layout_rooms, kennysheep_another_room, uniq_terence

Skill      XL: |  1  2 |
---------------+-------+-----
Conjurations   | 2 |  2.1
Dodging        | |  2.1
Stealth        | |  2.0
Spellcasting   | |  2.2
Air Magic      | |  4.7

Action                   || total
-------------------------++-------
Melee: Unarmed           ||     3
       Kick              ||     1
 Cast: Shock             ||    31
       Static Discharge  ||     5
Armor: Robe              ||     1
Dodge: Dodged            ||     5
